Map: Néo-Gettysburg EC

Players

Worming - Winner!

  • Race: Zerg Zerg
  • League: Diamond

Wouane

  • Race: Terran Terran
  • League: Diamond

VOD

Have the link to the VOD?

Description

Time

  • Played on: Oct. 14, 2016, 3:12 p.m.
  • Length: 17:43
Show
View Real Time Build Order
Export as new Build Order

Worming Zerg - Winner!

Build Orders: Hatch First 

Get SALT Encoding   

  12  0:01  Drone  
  13  0:08  Drone  
  14  0:19  Overlord  
  14  0:28  Drone, Extractor  
  15  0:39  Drone  
  15  0:40  Drone  
  17  0:46  Drone  
  18  1:00  Hatchery  
  18  1:03  Drone  
  18  1:07  Extractor  
  17  1:18  Spawning Pool  
  16  1:20  Drone  
  17  1:25  Drone  
  18  1:43  Drone  
  18  1:44  Drone  
  20  1:53  Overlord  
  20  2:04  Queen  
  22  2:10  Metabolic Boost  
  22  2:11  Queen  
  22  2:13  Zergling x2  
  22  2:14  Zergling x2  
  26  2:18  Drone  
  27  2:24  Drone  
  27  2:25  Drone  
  29  2:35  Extractor  
  27  2:46  Zergling x2  
  27  2:47  Zergling x2  
  27  2:49  Queen  
  31  3:01  Drone x4  
  35  3:11  Overlord  
  35  3:21  Drone  
  36  3:35  Drone x7  
  36  3:36  Hatchery  
  42  3:47  Zergling x4  
  42  3:55  Zergling x2  
  43  3:56  Overlord  
  43  4:02  Overlord  
  39  4:26  Zergling x8  
  39  4:27  Zergling x6  
  39  4:29  Queen x2  
  48  4:53  Drone x9  
  48  4:57  Extractor x2  
  55  5:00  Evolution Chamber  
  55  5:01  Evolution Chamber  
  55  5:03  Drone x2  
  51  5:26  Zerg Melee Weapons Level 1  
  51  5:27  Zerg Ground Armor Level 1  
  51  5:29  Spine Crawler  
  51  5:30  Drone x2  
  52  5:37  Drone x3  
  52  5:38  Drone x8  
  63  5:47  Overlord  
  63  5:48  Overlord  
  63  5:49  Overlord  
  63  5:53  Lair  
  63  5:56  Baneling Nest  
  62  5:57  Drone x3  
  65  6:20  Roach Warren  
  65  6:23  Extractor  
  65  6:24  Drone x3  
  65  6:25  Drone x2  
  68  6:26  Extractor  
  67  6:33  Pneumatized Carapace  
  67  6:35  Overlord x2  
  67  6:36  Zergling x2, Overlord  
  67  6:37  Zergling x8  
  67  6:39  Drone x2  
  76  6:40  Drone x2  
  76  6:44  Extractor  
  75  6:51  Drone x3  
  75  6:52  Overlord  
  75  6:54  Centrifical Hooks, Zergling x10  
  80  6:58  Spire  
  80  7:00  Glial Reconstitution  
  84  7:01  Infestation Pit, Roach  
  80  7:10  Baneling x5  
  60  7:39  Drone x3  
  60  7:40  Drone x3  
  60  7:41  Drone x5  
  71  7:44  Queen  
  71  7:47  Burrow  
  71  7:49  Hive  
  71  7:50  Zerg Melee Weapons Level 2  
  73  7:57  Zergling x2  
  73  7:58  Zergling x4  
  76  8:04  Baneling  
  76  8:12  Zerg Ground Armor Level 2  
  74  8:13  Zergling x16  
  74  8:19  Baneling x2  
  82  8:20  Baneling x2  
  82  8:28  Zerg Flyer Weapons Level 1  
  82  8:30  Zergling x12  
  88  8:49  Baneling x2  
  81  9:05  Hatchery  
  80  9:33  Drone x4  
  80  9:34  Drone x3, Overlord x2  
  80  9:35  Overlord x3  
  80  9:37  Ultralisk Cavern  
  86  9:39  Zergling x22  
  86  9:45  Overseer x2  
  93  9:58  Drone x3  
  93  9:59  Drone x3  
  97  10:06  Zergling x12  
  97  10:07  Zergling x8  
  96  10:34  Queen  
  82  10:39  Chitinous Plating  
  82  10:41  Overseer, Greater Spire  
  80  10:49  Zergling x26  
  87  10:50  Zergling x10  
  87  10:55  Overseer  
  86  10:57  Queen x3  
  86  11:01  Zerg Ground Armor Level 3, Zerg Melee Weapons Level 3  
  86  11:03  Ultralisk x2  
  104  11:10  Queen  
  106  11:14  Spore Crawler  
  105  11:18  Spore Crawler  
  104  11:26  Corruptor x4  
  100  11:59  Spore Crawler  
  99  12:09  Zergling x2, Overlord, Ultralisk x4  
  99  12:10  Zergling x6  
  127  12:18  Drone  
  127  12:20  Overlord x3  
  127  12:21  Overlord  
  127  12:25  Drone  
  127  12:26  Drone  
  127  12:49  Brood Lord x3  
  123  13:18  Drone x9  
  132  13:22  Extractor  
  125  13:28  Corruptor x2  
  125  13:29  Ultralisk x2  
  136  14:02  Zergling x2, Ultralisk x2  
  149  14:03  Zergling x10  
  149  14:04  Corruptor x4  
  154  14:22  Hatchery  
  153  14:30  Hatchery  
  148  14:41  Queen  
  144  14:52  Queen  
  144  15:25  Zerg Flyer Weapons Level 2  
  143  15:46  Spore Crawler  
  142  15:51  Ultralisk x5  
  163  16:12  Drone  
  163  16:13  Drone x4  
  163  16:14  Drone, Ultralisk  
  163  16:15  Zergling x6  
  163  16:16  Overlord x3  
  169  16:29  Zergling x10  
  174  16:38  Drone x4  
  178  16:41  Drone x5  
  178  16:42  Extractor  
  182  16:50  Zergling x2  
  182  16:52  Zergling x8  
  186  17:01  Hatchery  
  186  17:04  Extractor  
Show
View Real Time Build Order
Export as new Build Order

Wouane Terran 

Build Orders: Reaper Expand, MMM Bio 

Get SALT Encoding   

  12  0:01  SCV  
  13  0:13  SCV  
  14  0:19  Supply Depot  
  14  0:26  SCV  
  15  0:40  SCV  
  15  0:42  Barracks  
  16  0:46  Refinery  
  16  0:53  SCV  
  17  1:05  SCV  
  18  1:17  SCV  
  19  1:29  Reaper  
  19  1:32  Orbital Command  
  20  1:43  Command Center  
  20  1:55  Supply Depot  
  20  1:58  SCV  
  21  2:01  Barracks Reactor  
  21  2:10  SCV  
  22  2:23  Factory, SCV  
  23  2:35  SCV  
  24  2:38  Marine x2  
  26  2:47  SCV  
  26  2:50  Refinery  
  27  2:56  Marine x2  
  29  2:59  SCV  
  29  3:01  Orbital Command  
  30  3:09  Armory  
  30  3:11  SCV  
  31  3:18  Hellion x2  
  35  3:20  Barracks Tech Lab  
  35  3:23  SCV  
  36  3:28  SCV  
  36  3:33  Supply Depot  
  36  3:34  Supply Depot  
  37  3:35  SCV  
  37  3:40  Hellion, SCV  
  41  3:47  SCV  
  42  3:49  Stimpack, Marauder  
  42  3:52  SCV  
  45  3:57  Hellion  
  45  4:00  SCV  
  45  4:01  Hellion  
  50  4:04  SCV  
  50  4:09  Supply Depot  
  51  4:12  SCV  
  46  4:30  SCV x2  
  47  4:45  SCV x2  
  44  4:48  Hellion x2  
  44  4:49  Marauder  
  49  4:54  Barracks  
  49  4:55  Barracks  
  49  4:57  Engineering Bay, SCV x2  
  49  4:58  Engineering Bay  
  51  5:00  Supply Depot  
  51  5:09  Hellion x2, SCV  
  52  5:22  Marauder  
  52  5:23  SCV  
  52  5:25  SCV  
  52  5:26  Starport  
  56  5:29  Terran Infantry Weapons Level 1  
  56  5:31  Hellion x2  
  56  5:32  Terran Infantry Armor Level 1  
  56  5:35  SCV  
  61  5:38  Supply Depot, SCV  
  61  5:41  Refinery  
  62  5:44  Marauder  
  62  5:47  SCV  
  62  5:49  Marine x2  
  66  5:50  Combat Shields  
  66  5:52  Hellion  
  69  5:59  Supply Depot, SCV  
  72  6:04  Hellion  
  72  6:05  Starport Reactor, Marine  
  72  6:08  SCV  
  72  6:09  Supply Depot  
  76  6:13  Refinery  
  76  6:15  Supply Depot  
  76  6:23  Barracks Reactor, Marauder  
  76  6:24  Barracks Reactor  
  76  6:36  Missile Turret  
  76  6:37  Supply Depot  
  76  6:42  Viking x2  
  76  6:43  SCV  
  76  6:44  Marine, SCV  
  76  6:45  Barracks  
  83  6:47  Missile Turret  
  83  6:53  Widow Mine  
  83  6:56  SCV x2  
  83  6:57  Bunker  
  83  6:59  Missile Turret  
  87  7:02  Marine  
  87  7:04  Missile Turret  
  87  7:08  SCV  
  89  7:19  Marine  
  84  7:36  Marine x4  
  75  7:37  Marine  
  75  7:38  Medivac x2, Barracks Reactor  
  75  7:40  Supply Depot  
  75  7:43  Command Center  
  79  7:52  Terran Infantry Weapons Level 2, Concussive Shells  
  79  7:54  Marine x4  
  79  7:55  Marine  
  84  8:08  Medivac x2  
  84  8:10  Refinery  
  84  8:11  Bunker  
  84  8:12  Marine x4  
  92  8:13  Marine  
  92  8:15  Refinery  
  93  8:25  SCV x2  
  95  8:28  Missile Turret  
  95  8:29  Marine x2  
  95  8:30  Marine x3  
  95  8:31  Terran Infantry Armor Level 2  
  95  8:33  Barracks  
  100  8:37  Marine x2, Supply Depot, SCV  
  103  8:47  Marine x3  
  103  8:48  Marine x2  
  103  8:55  Marine  
  104  8:58  Planetary Fortress  
  104  9:04  Missile Turret  
  104  9:05  Liberator x2  
  104  9:13  Marine  
  104  9:14  Marine x4  
  109  9:20  Widow Mine, Marine x2  
  109  9:21  Widow Mine  
  121  9:26  Supply Depot  
  121  9:30  Starport  
  121  9:31  Starport, Marine x2  
  121  9:32  Marine  
  120  9:59  Marauder, Marine x6  
  120  10:16  Marine x2  
  120  10:17  Marine x2  
  120  10:21  Marauder  
  110  10:42  Marine x2, Marauder  
  112  10:43  Marine x4  
  104  10:56  Starport Tech Lab  
  103  11:00  Supply Depot, Marine x4  
  103  11:01  Starport Tech Lab, Marine x2  
  103  11:04  Marauder  
  111  11:11  Barracks Tech Lab  
  111  11:12  Terran Infantry Weapons Level 3  
  111  11:13  Terran Infantry Armor Level 3  
  111  11:14  Command Center  
  111  11:15  Barracks x2  
  111  11:18  Marine x5  
  112  11:19  Marine  
  112  11:25  Marauder  
  119  11:36  Marine x6  
  121  11:46  Marauder  
  123  11:53  Marine  
  123  11:54  Liberator, Marine  
  122  12:07  Marine x5  
  122  12:08  Marauder  
  126  12:09  Banshee x2  
  126  12:10  Cloaking Field  
  126  12:11  Marine x2  
  126  12:13  SCV  
  138  12:18  SCV x2  
  140  12:25  SCV, Marine x5  
  140  12:29  Marauder  
  140  12:31  Marine x3  
  143  12:39  Marine  
  143  12:42  Marine  
  143  12:43  Marine  
  146  12:52  Banshee x2  
  150  13:00  Marine x2  
  150  13:01  Marauder x2  
  150  13:02  Supply Depot  
  125  13:18  Marine x2  
  117  13:22  Marauder x2  
  109  13:35  Banshee  
  109  13:38  Marine x3  
  109  13:43  Marauder  
  109  13:46  Marine x2  
  101  13:56  Marine x2  
  58  14:28  Marine  
  58  14:29  Marine x4  
  57  14:35  Marine  
  52  15:04  Marine x2  
  54  15:17  Planetary Fortress  
  54  15:27  Orbital Command  
  54  15:28  Marauder, Marine x2  
  54  15:31  Marine  
  55  15:51  Marine x2  
  55  15:52  Marauder x2  
  55  15:53  Marine  
  59  16:03  Marine  
  60  16:13  Marauder  
  60  16:14  Marauder  
  60  16:17  Marine x2  
  55  16:33  SCV x2  
  55  16:36  Marine  
  55  16:38  Marine  
  55  16:39  Marine  
  58  16:40  Marine  
  58  16:45  SCV  
  56  16:54  Command Center  
  56  16:55  Marauder, Marine x2  
  60  17:11  Marine x3  
  60  17:12  Marauder  
  60  17:13  Marine  
  60  17:14  Marine  
  64  17:16  Marine  
  64  17:17  Marauder  
Tags
 
Add a new tag
Caveats
  • Supply blocks, unpowered buildings, or Contaminate may cause inaccurate times.
  • Supply counts are checked every 10 seconds.